 Dungeon Crawl Stone Soup version 0.22-a0-429-g97ce8ef (webtiles) character file.

61 Mgcat the Skirmisher (level 4, -2/44 HPs)
             Began as a Naga Fighter on May 25, 2018.
             Slain by a gnoll
             ... wielding a cursed +0 halberd
              (12 damage)
             ... on level 2 of the Dungeon.
             The game lasted 00:03:28 (1300 turns).

Mgcat the Skirmisher (Naga Fighter)                 Turns: 1300, Time: 00:03:28

Health: -2/44      AC:  4    Str: 19    XL:     4   Next: 7%
Magic:  4/4        EV:  5    Int:  8    God:
Gold:   89         SH:  8    Dex: 11    Spells: 3/3 levels left

rFire    . . .     SeeInvis +   a - +0 flail
rCold    . . .     Gourm    .   c - +0 shield
rNeg     . . .     Faith    .   b - +0 scale mail
rPois    +         Spirit   .   (no helmet)
rElec    .         Reflect  .   (no cloak)
rCorr    .         Harm     .   (no gloves)
MR       .....                  (no barding)
Stlth    ..........             (no amulet)
HPRegen  0.14/turn              (no ring)
MPRegen  0.09/turn              (no ring)

@: very slow
A: large, see invisible, deformed body, poison resistance, slowness 2, slow
metabolism 1, spit poison 1, AC +1
a: Spit Poison


You were on level 2 of the Dungeon.
You were not hungry.

You visited 1 branch of the dungeon, and saw 2 of its levels.

You collected 89 gold pieces.

Inventory:

Hand Weapons
 a - a +0 flail (weapon)
Armour
 b - a +0 scale mail (worn)
 c - a +0 shield (worn)
 i - a +0 plate armour
   (You found it on level 1 of the Dungeon)
Scrolls
 j - a scroll of immolation {unknown}
 k - a scroll of remove curse
 l - 2 scrolls of teleportation {unknown}
 m - a scroll of blinking {unknown}
Potions
 d - a potion of might
 e - a potion of curing {unknown}
 g - a potion of agility {unknown}
 n - a potion of ambrosia {unknown}
Comestibles
 f - 5 rations
 h - a chunk of flesh {@w0}


   Skills:
 + Level 4.0 Fighting
 + Level 3.2 Maces & Flails
 - Level 2.4 Armour
 - Level 2.4 Shields


You had 3 spell levels left.
You didn't know any spells.
Your spell library was empty.

Dungeon Overview and Level Annotations

Branches:
Dungeon (2/15)

Altars:
Sif Muna


Innate Abilities, Weirdness & Mutations

You cannot wear boots.
Your serpentine skin is tough. (AC +1)
You have supernaturally acute eyesight. (SInv)
Armour fits poorly on your strangely shaped body.
Your system is resistant to poisons. (rPois)
You cover ground very slowly.
You have a slow metabolism.
You can spit poison.


Message History

You block the bat's attack. The bat completely misses you.
The bat hits you but does no damage. You block the bat's attack.
The bat hits you but does no damage. The bat hits you but does no damage. x2
You block the bat's attack. The bat hits you but does no damage.
You hit the bat.
You kill the bat!
You see here a bat corpse.
HP restored.
You butcher the bat corpse.
h - 4 chunks of flesh {@w0} (gained 1)
You now have 72 gold pieces (gained 15).
You now have 89 gold pieces (gained 17).
You butcher the adder corpse.
h - 5 chunks of flesh {@w0} (gained 1)
You see here an adder skeleton. x2
Some of the chunks of flesh in your inventory have rotted away.
A rat comes into view.
You block the rat's attack.
You see here a ration.
A rat is nearby!
You sock the rat!
You kill the rat!
No target in view!
No target in view!
f - 5 rations (gained 1) Some of the chunks of flesh in your inventory have rotted away.
You see here 13 stones.
Some of the chunks of flesh in your inventory have rotted away.
Eating one of 2 chunks of flesh {@w0}.
You eat one of the 2 chunks of flesh {@w0}.
This raw flesh tastes terrible.
A hobgoblin comes into view.
The hobgoblin shouts!
A hobgoblin is nearby!
You sock the hobgoblin!
You kill the hobgoblin!
No target in view!
No target in view!
Key pressed, stopping explore.
Found a stone staircase leading down.
No target in view!
There is a stone staircase leading down here.
A rat comes into view.
You closely miss the rat. You block the rat's attack. x2
Your shield and scale mail prevent you from hitting the rat.
The rat barely misses you.
You hit the rat.
You kill the rat!
No target in view!
No target in view!
You butcher the rat corpse.
h - 2 chunks of flesh {@w0} (gained 1)
m - a scroll labeled EMALLI GOELO
n - a glowing black potion You found a shaft!
Some of the chunks of flesh in your inventory have rotted away.
Found a stone staircase leading down. 2 gnolls come into view.
A gnoll is wielding a whip of electrocution.
The gnoll shouts! x2; You hear a shout!
You hear an angry hiss.
You hear a shout!
A leopard gecko comes into view.
A gnoll comes into view. It is wielding a club.
A rat comes into view.
The leopard gecko moves out of view.
Okay, then.
Press: ? - help, Shift-Dir - straight line, f - gnoll
Aim: a gnoll, wielding a whip of electrocution The splash of poison misses the gnoll.
You feel slightly more hungry.
You sock the gnoll!
The gnoll is severely wounded.
The gnoll hits you with a whip of electrocution. x2
You barely miss the gnoll.
The gnoll is severely wounded.
You block the gnoll's attack.
The gnoll hits you with a whip of electrocution.
The gnoll hits you from afar with a halberd!
You closely miss the gnoll.
The gnoll is severely wounded.
You have got your breath back.
The gnoll barely misses you. You block the gnoll's attack.
The gnoll hits you with a whip of electrocution.
Press: ? - help, Shift-Dir - straight line, f/p - gnoll
Aim: a gnoll, wielding a whip of electrocution (severely wounded)
The splash of poison hits the gnoll.
You kill the gnoll!
Your Fighting skill increases to level 4!
You have reached level 4!
You feel agile.
You feel slightly more hungry.
Unknown command.
Unknown command.
Unknown command.
The gnoll hits you from afar with a halberd!
* * * LOW HITPOINT WARNING * * *
You have got your breath back.
The gnoll hits you from afar with a halberd!
You die...

#.#####..##. . #.# #..... ..
#.#####...## ... #...........
.... ##########.....
r..g.###########....<.###.#..#
..8g..l.......................
#.# #...#.####.######..
#.####.@.....##.# #..
#.).rl...#.#.##.# #..
##...g...#.#.##.# #..
#.#####.#......# #..
#.##.........### #..
##.##.##.##.#.# #..
#........##.#># .
#........##.#.#
#.....##.##.#..


You could see a gnoll, a leopard gecko and a rat.

Vanquished Creatures
  A gnoll (D:2)
  An adder (D:2)
  2 dart slugs (D:1)
  A leopard gecko (D:1)
  6 bats
  A giant cockroach (D:1)
  3 goblins (D:1)
  4 hobgoblins
  7 jackals
  2 frilled lizards (D:1)
  3 kobolds (D:1)
  6 rats
37 creatures vanquished.

Notes
Turn   | Place    | Note
-------+----------+-------------------------------------------
     0 | D:1      | Mgcat the Naga Fighter began the quest for the Orb.
     0 | D:1      | Reached XP level 1. HP: 21/21 MP: 1/1
    47 | D:1      | HP: 4/21 [hobgoblin (4)]
   265 | D:1      | Reached XP level 2. HP: 23/28 MP: 2/2
   642 | D:1      | Reached XP level 3. HP: 25/34 MP: 3/3
   950 | D:2      | Reached skill level 3 in Maces & Flails
  1012 | D:2      | Found a deep blue altar of Sif Muna.
  1296 | D:2      | Reached skill level 4 in Fighting
  1296 | D:2      | Reached XP level 4. HP: 19/44 MP: 4/4
  1297 | D:2      | HP: 9/44 [gnoll/halberd (10)]
  1300 | D:2      | Slain by a gnoll

Vault maps used:
D:1:      evilmike_arrival_fibonacci_small
D:2:      old_standard_altar, st_stairs_1, minmay_tetromino_l4

Skill      XL: |  1  2  3 |
---------------+----------+-----
Maces & Flails | 3 |  3.2
Fighting       | 4 |  4.0
Armour         | |  2.4
Shields        | |  2.4

Action                   |  1- 3 |  4- 6 || total
-------------------------+-------+-------++-------
Melee: Flail             |   112 |       ||   112
 Abil: Spit Poison       |     3 |     1 ||     4
  Use: Scroll            |     1 |       ||     1
  Eat: Chunk             |     1 |       ||     1
Armor: Scale mail        |    62 |       ||    62
       Plate armour      |     2 |       ||     2
Dodge: Dodged            |    35 |       ||    35
Block: Shield            |    81 |       ||    81

Table legend:
 A = Spawn XP
 B = Non-spawn XP
 C = Spawn XP percentage of total XP
 D = Spawn monster count
 E = Non-spawn monster count
 F = Spawn count percentage of total count
 G = Total turns spent on level
                    A         B        C        D         E        F      G
               +---------+---------+-------+---------+---------+-------+---------
         Total |       0 |      88 |   0.0 |       0 |      37 |   0.0 |  1300
               +---------+---------+-------+---------+---------+-------+---------
           D:1 |       0 |      44 |   0.0 |       0 |      23 |   0.0 |   903
           D:2 |       0 |      44 |   0.0 |       0 |      14 |   0.0 |   397
               +---------+---------+-------+---------+---------+-------+---------

Vault maps used:
D:1:      evilmike_arrival_fibonacci_small
D:2:      old_standard_altar, st_stairs_1, minmay_tetromino_l4

Table legend:
 A = Turns spent in this place as a percentage of turns spent in the entire game.
 B = Non-inter-level travel turns spent in this place as a percentage of non-inter-level travel turns spent in the entire game.
 C = Inter-level travel turns spent in this place as a percentage of turns spent in this place.
 D = Turns resting spent in this place as a percentage of non-inter-level travel turns spent in this place.
 E = Turns spent auto-exploring this place as a percentage of non-inter-level travel turns spent in this place.
 F = Non-inter-level travel turns spent in this place divided by the number of levels of this place that you've seen.
                   A       B       C       D       E      F
               +-------+-------+-------+-------+-------+----------------------
         Total | 100.0 | 100.0 |   2.8 |   0.0 |  81.3 | 631.5
       Dungeon | 100.0 | 100.0 |   2.8 |   0.0 |  81.3 | 631.5
               +-------+-------+-------+-------+-------+----------------------

Table legend:
 A = Kills in this place as a percentage of kills in entire the game.
 B = Kills by you in this place as a percentage of kills by you in the entire game.
 C = Kills by friends in this place as a percentage of kills by friends in the entire game.
 D = Other kills in this place as a percentage of other kills in the entire game.
 E = Experience gained in this place as a percentage of experience gained in the entire game.
 F = Experience gained in this place divided by the number of levels of this place that you have seen.
                   A       B       C       D       E      F
               +-------+-------+-------+-------+-------+----------------------
         Total | 100.0 | 100.0 |   N/A |   N/A | 100.0 |  44.0
       Dungeon | 100.0 | 100.0 |   N/A |   N/A | 100.0 |  44.0
               +-------+-------+-------+-------+-------+----------------------
